 Dungeon Crawl Stone Soup version 0.23.0-3-gf3c87f2df8 (webtiles) character file.

Game seed: 18334554286374291865

263 Jukra the Covered (level 5, -2/47 HPs)
             Began as a Minotaur Fighter on Feb 24, 2019.
             Slain by an orc warrior
             ... wielding a +0 scimitar
              (19 damage)
             ... on level 3 of the Dungeon.
             The game lasted 00:07:26 (2323 turns).

Jukra the Covered (Minotaur Fighter)                Turns: 2323, Time: 00:07:27

Health: -2/47      AC:  7    Str: 22    XL:     5   Next: 97%
Magic:  4/4        EV:  8    Int:  5    God:
Gold:   119        SH:  9    Dex:  9    Spells: 4/4 levels left

rFire    . . .     SeeInvis .   a - +0 long sword
rCold    . . .     Gourm    .   c - +0 shield
rNeg     . . .     Faith    .   b - +0 scale mail
rPois    .         Spirit   .   (helmet restricted)
rElec    .         Reflect  .   (no cloak)
rCorr    .         Harm     .   (no gloves)
MR       .....                  (no boots)
Stlth    ..........             (no amulet)
HPRegen  0.15/turn              (no ring)
MPRegen  0.09/turn              (no ring)

@: no status effects
A: retaliatory headbutt, horns 2
a: no special abilities


You were on level 3 of the Dungeon.
You were hungry.

You visited 1 branch of the dungeon, and saw 3 of its levels.

You collected 119 gold pieces.

Inventory:

Hand Weapons
 a - a +0 long sword (weapon)
 e - a +2 dagger of draining
 j - a +2 spear of piercing
Armour
 b - a +0 scale mail (worn)
 c - a +0 shield (worn)
Jewellery
 l - an uncursed amulet of faith {unknown}
Scrolls
 g - 2 scrolls of enchant armour {unknown}
 h - 3 scrolls of identify {unknown}
 i - 4 scrolls of remove curse {unknown}
 k - a scroll of random uselessness {unknown}
 o - a scroll of amnesia {unknown}
 p - 3 scrolls of teleportation {unknown}
 q - a scroll of magic mapping {unknown}
 r - a scroll of blinking {unknown}
 t - a scroll of immolation {unknown}
Potions
 d - 2 potions of might
 m - a potion of berserk rage {unknown}
 n - a potion of curing {unknown}
 s - a potion of magic {unknown}
Comestibles
 f - 3 rations


   Skills:
 + Level 4.6 Fighting
 + Level 4.5 Long Blades
 + Level 5.0 Armour
 + Level 1.7 Dodging
 + Level 0.1 Stealth
 + Level 4.8 Shields


You had 4 spell levels left.
You didn't know any spells.
Your spell library was empty.

Dungeon Overview and Level Annotations

Branches:
Dungeon (3/15)

Altars:
Cheibriados

Annotations:
D:3 1 transporter, sentinel's ghost, weakling DDFi


Innate Abilities, Weirdness & Mutations

You reflexively headbutt those who attack you in melee.
You have a pair of horns on your head.


Message History

The hobgoblin hits you with a +0 club. You block the orc warrior's attack.
You block sentinel's ghost's attack. You block the hobgoblin's attack.
You slash the hobgoblin!
You kill the hobgoblin!
You block the orc warrior's attack.
Sentinel's ghost wails.
You block sentinel's ghost's attack.
You hit the orc warrior but do no damage.
The orc warrior hits you with a +0 scimitar!
You block sentinel's ghost's attack. x2
You closely miss the orc warrior. You block the orc warrior's attack.
Sentinel's ghost hits you!
You closely miss the orc warrior. Your headbutt misses the orc warrior.
The orc warrior closely misses you. You block sentinel's ghost's attack.
You hit the orc warrior but do no damage.
The orc warrior hits you but does no damage.
You block sentinel's ghost's attack.
Your shield and scale mail prevent you from hitting sentinel's ghost.
The orc warrior hits you with a +0 scimitar!!
You die...

#..###########.######## #
#........##...........## #
#.######.#..#########..# # #.#
#.#.##.......##.# # #.#
#.#.#8.......8#.##########
#.######...#.........#...........
#..........#$........#...####.##.
########..©#=.$.©o...#©..# ##.##.
##..#$...@)...#..## #.....
##.#...).W...#.## #.....
#.#8.......8#.# #.###.
#.##......©##.# #.# ##
#..#########..# ##.####
##...........#####...#..
#####.####..)......)... #.
#.######...#.. #.# ##.##..


You could see an orc warrior and sentinel's ghost.

Vanquished Creatures
  An orc wizard (D:3)
  An orc priest (D:3)
  Ijyb (D:3)
  Terence (D:3)
  3 gnolls (D:3)
  5 adders
  An ooze (D:3)
  3 worms
  2 dart slugs (D:1)
  2 leopard geckos
  3 orcs (D:3)
  3 giant cockroaches
  10 goblins
  11 hobgoblins
  5 kobolds
  A quokka (D:3)
  3 bats (D:3)
  A frilled lizard (D:3)
  5 rats
62 creatures vanquished.

Notes
Turn   | Place    | Note
-------+----------+-------------------------------------------
     0 | D:1      | Jukra the Minotaur Fighter began the quest for the Orb.
     0 | D:1      | Reached XP level 1. HP: 19/19 MP: 0/0
   177 | D:1      | Reached XP level 2. HP: 27/27 MP: 1/1
   211 | D:1      | Reached skill level 4 in Armour
   746 | D:1      | Reached XP level 3. HP: 33/33 MP: 2/2
   855 | D:2      | Found a snail-covered altar of Cheibriados.
  1721 | D:3      | Reached XP level 4. HP: 41/41 MP: 3/3
  1756 | D:3      | Reached skill level 1 in Dodging
  1761 | D:3      | Noticed Ijyb
  1792 | D:3      | Killed Ijyb
  1796 | D:3      | Reached XP level 5. HP: 21/47 MP: 4/4
  2043 | D:3      | Noticed an orc warrior
  2263 | D:3      | Noticed Terence
  2271 | D:3      | Killed Terence
  2271 | D:3      | Reached skill level 5 in Armour
  2286 | D:3      | Found a transporter.
  2287 | D:3      | Found a transporter.
  2290 | D:3      | Noticed sentinel's ghost (weakling DDFi)
  2323 | D:3      | Slain by an orc warrior

Skill      XL: |  1  2  3  4  5 |
---------------+----------------+-----
Armour         | 4 5 |  5.0
Shields        | 4 |  4.8
Fighting       | 4 |  4.6
Long Blades    | 3 4 |  4.5
Dodging        | 1 |  1.7
Stealth        | |  0.1

Action                   |  1- 3 |  4- 6 || total
-------------------------+-------+-------++-------
Melee: Long sword        |    84 |    94 ||   178
       Headbutt          |    12 |    12 ||    24
  Eat: Chunk             |     2 |     2 ||     4
Armor: Scale mail        |    46 |    50 ||    96
       Skin              |       |     6 ||     6
Dodge: Dodged            |    16 |    52 ||    68
Block: Shield            |    25 |    57 ||    82
       Rpst.: Long sword |     3 |    11 ||    14
